 Dungeon Crawl Stone Soup version 0.27.0-1-g7a089689b8 (webtiles) character file.

Game seed: 10146871723550242165

44373 pkoi the Purifying Draconian (level 13, -3/113 HPs)
             Began as a Grey Draconian Monk on Aug 12, 2021.
             Was a High Priest of Elyvilon.
             Slain by a spriggan rider (14 damage)
             ... on level 6 of the Lair of Beasts.
             The game lasted 00:48:06 (26335 turns).

pkoi the Purifying Draconian (Grey Draconian Monk) Turns: 26335, Time: 00:48:08

Health: -3/113     AC: 23    Str: 14 (15) XL:     13   Next: 95%
Magic:  25/25      EV: 16    Int: 16      God:    Elyvilon [*****.]
Gold:   1080       SH:  0    Dex: 13      Spells: 15/19 levels left

rFire    + . .     SeeInvis .     - Unarmed
rCold    x . .     Faith    .   (no shield)
rNeg     . . .     Spirit   .   (armour unavailable)
rPois    +         Reflect  .   B - +1 hat
rElec    +         Harm     .   n - +2 cloak
rCorr    +         Rampage  .   m - +0 pair of gloves
Will     ++...     Rnd*Rage +   D - +0 pair of boots
Stlth    ++........             y - necklace of Bloodlust {*Rage +Rage Will++ Int-3 Slay+6}
HPRegen  0.28/turn              b - +4 ring of protection
MPRegen  0.19/turn              z - ring of Nuesuf {Fire rElec rPois rCorr Int+4}

@: on berserk cooldown, slowed, very slow
A: AC +13, amphibious, unfitting armour, cold-blooded, stinger 1, deterioration
1, subdued magic 1
a: Renounce Religion, Evoke Berserk Rage, Lesser Healing, Heal Other,
Purification, Greater Healing, Divine Vigour, Divine Protection


You were on level 6 of the Lair of Beasts.
You worshipped Elyvilon.
Elyvilon was extremely pleased with you.
You visited 3 branches of the dungeon, and saw 17 of its levels.
You also visited: Sewer, Bailey and Gauntlet.

You collected 1080 gold pieces.

Inventory:

Hand Weapons
 a - a +1 dagger of venom
 j - a +0 hand crossbow of flaming
Missiles
 e - 74 poisoned darts
 g - 13 javelins (quivered)
 k - 65 bolts
 I - 7 silver javelins
Armour
 m - a +0 pair of gloves (worn)
 n - a +2 cloak (worn)
 B - a +1 hat (worn)
 D - a +0 pair of boots (worn)
Jewellery
 b - a +4 ring of protection (left hand)
 q - an amulet of regeneration
 y - the necklace of Bloodlust (around neck) {*Rage +Rage Will++ Int-3 Slay+6}
   (You found it in a Gauntlet)

   [amulet of nothing]

   It extends the wearer's berserk rage when killing foes.
   Int:       It affects your intelligence (-3).
   Slay:      It affects your accuracy & damage with ranged weapons and melee
   (+6).
   +Rage:     It lets you go berserk.
   *Rage:     It may make you go berserk in combat.
   Will:      It greatly increases your willpower.
 z - the ring of Nuesuf (right hand) {Fire rElec rPois rCorr Int+4}
   (You took it off a minotaur in a Gauntlet)

   [ring of fire]

   It enhances your fire magic.
   Int:       It affects your intelligence (+4).
   rF:        It protects you from fire.
   rC:        It makes you vulnerable to cold.
   rElec:     It insulates you from electricity.
   rPois:     It protects you from poison.
   rCorr:     It protects you from acid and corrosion.
Wands
 p - a wand of charming (10)
 s - a wand of digging (2)
 u - a wand of flame (55)
 F - a wand of polymorph (25)
 G - a wand of paralysis (26)
Scrolls
 c - a scroll of amnesia
 d - 5 scrolls of teleportation
 f - 16 scrolls of identify
 h - 6 scrolls of fear
 i - 2 scrolls of fog
 o - a scroll of enchant weapon
 t - 4 scrolls of blinking
 v - 3 scrolls of enchant armour
 E - 2 scrolls of magic mapping
Potions
 l - a potion of heal wounds
 r - 3 potions of brilliance
 x - a potion of might
 H - a potion of curing
 J - a potion of attraction {unknown}
Miscellaneous
 A - a phantom mirror


   Skills:
 + Level 10.1 Fighting
 + Level 10.3 Dodging
 - Level 1.7 Stealth
 + Level 14.6 Unarmed Combat
 - Level 3.6 Spellcasting
 - Level 3.1 Translocations
 - Level 3.9 Transmutations
 - Level 2.6 Earth Magic
 - Level 16.0 Invocations


You had 15 spell levels left.
You knew the following spells:

 Your Spells              Type           Power      Damage    Failure   Level
a - Apportation           Tloc           20%        N/A       3%          1
b - Sting                 Tmut/Pois      28%        1d4       6%          1
c - Passwall              Tmut/Erth      8%         N/A       5%          2

Your spell library contained the following spells:

 Spells                   Type           Power      Damage    Failure   Level
 Animate Skeleton         Necr           4%         N/A       16%         1
 Corona                   Hex            2%         N/A       16%         1
 Magic Dart               Conj           8%         1d3       16%         1
 Summon Small Mammal      Summ           8%         N/A       16%         1
 Searing Ray              Conj           4%         3d3       22%         2
 Slow                     Hex            2%         N/A       22%         2
 Confusing Touch          Hex            2%         N/A       43%         3
 Swiftness                Air            2%         N/A       43%         3
 Vampiric Draining        Necr           1%         2d6       43%         3
 Iskenderun's Mystic Bla  Conj/Tloc      6%         2d4       63%         4
 Leda's Liquefaction      Hex/Erth       2%         N/A       67%         4
 Lee's Rapid Deconstruct  Erth           4%         3d6*      83%         5
 Fulminant Prism          Conj/Hex       1%         3d6       85%         4
 Borgnjor's Vile Clutch   Necr/Erth      2%         N/A       95%         5
 Bolt of Magma            Conj/Fire/Erth 3%         4d5       97%         5
 Invisibility             Hex            1%         N/A       100%        6
 Statue Form              Tmut/Erth      6%         N/A       100%        6
 Shatter                  Erth           4%         3d7*      100%        9


Dungeon Overview and Level Annotations

Branches:
Dungeon (10/15)            Temple (1/1) D:6            Lair (6/6) D:8
 Shoals (0/4) Lair:3       Spider (0/4) Lair:4          Orc (0/2) D:9
  Sewer (visited)          Bailey (visited)         Gauntlet (visited)
  Slime: Lair:5-6

Altars:
Ashenzari
Cheibriados
Elyvilon
Fedhas
Gozag
Hepliaklqana
Kikubaaqudgha
Makhleb
Nemelex Xobeh
Okawaru
Qazlal
Ru
Sif Muna
Trog
Uskayaw
Vehumet
Wu Jian
Xom
Yredelemnul
The Shining One
Beogh

Shops:
D:1 (

Annotations:
D:4 2 runed translucent doors
D:8 2 transporters, shummie's ghost, novice GrFi
Lair:1 exclusion: oklob plant


Innate Abilities, Weirdness & Mutations

Your dull iron-grey scales are very hard. (AC +13)
You are amphibious.
You cannot fit into any form of body armour.
You are cold-blooded and may be slowed by cold attacks.
Your tail ends in a poisonous barb.
Your body sometimes deteriorates upon taking damage.
Your spells are a little easier to cast, but a little less powerful.


Message History

You pummel the dream sheep!!
You kill the dream sheep!
The spriggan rider hits you from afar with a +0 spear!
* * * LOW HITPOINT WARNING * * *
The spriggan rider closely misses you.
The spriggan rider hits you with a +0 spear!
* * * LOW HITPOINT WARNING * * *
Items here: )) [[ ††††††††.
You punch the spriggan rider!
Your tail-slap misses the spriggan rider.
Your punch misses the spriggan rider.
The spriggan rider is moderately wounded.
The spriggan rider hits you with a +0 spear!
* * * LOW HITPOINT WARNING * * *
You hit the spriggan rider.
The spriggan rider is moderately wounded.
The spriggan rider hits you but does no damage.
You miss the spriggan rider.
The spriggan rider is moderately wounded.
The spriggan rider barely misses you.
You closely miss the spriggan rider.
Your tail-slap misses the spriggan rider.
The spriggan rider is moderately wounded.
The spriggan rider closely misses you.
You barely miss the spriggan rider. You punch the spriggan rider!
The spriggan rider is heavily wounded.
The spriggan rider misses you.
You punch the spriggan rider! Your punch misses the spriggan rider.
The spriggan rider is severely wounded.
The spriggan rider hits you but does no damage.
You barely miss the spriggan rider.
The spriggan rider is severely wounded.
The spriggan rider closely misses you.
You closely miss the spriggan rider. You tail-slap the spriggan rider.
The spriggan rider is poisoned.
The spriggan rider is severely wounded.
The spriggan rider hits you with a +0 spear.
* * * LOW HITPOINT WARNING * * *
The spriggan rider hits you with a +0 spear!
You die...

.......♣ ..♣
...♣♣
.......♣ ♣..
♣....♣
.......♣♣♣
..♣♣♣♣....♣
.........♣
..♣.......
....^....♣
♣.♣(.....
..)......♣
♣..♣..♣♣
.........♣
♣......♣
.........♣♣
♣♣.i♣..♣
..........♣
♣♣@♣ ♣♣
........♣.♣♣
♣♣.♣
.P.P.♣♣♣♣..♣
♣..♣ ...#.
♣♣.♣♣♣♣.♣♣
..#..
♣.♣♣...♣
....
♣.♣..♣♣♣
.... ♣♣...♣
###♣ ♣...♣♣
# ♣..♣♣


You could see a spriggan rider (poisoned).

Vanquished Creatures
  Gastronok (D:10)
  A minotaur (Gauntlet)
  2 hydras (Lair:6)
  5 death yaks
  Urug (Lair:6)
  Pikel (D:4)
  An ice statue (Gauntlet)
  A merfolk siren (Lair:3)
  3 elephants (Lair:5)
  A gargoyle (D:7)
  4 black mambas
  10 cane toads
  Maggie (D:6)
  4 rime drakes
  5 komodo dragons
  4 polar bears
  Grinder (D:5)
  4 hornets (Lair:6)
  22 blink frogs
  3 slime creatures (D:6)
  2 redbacks (Lair:4)
  A dream sheep (Lair:6)
  5 spriggans (Lair:6)
  2 large abominations (Gauntlet)
  41 yaks
  3 basilisks (Lair:5)
  A wyvern (Lair:3)
  Edmund (D:6)
  Duvessa (D:5)
  12 water moccasins
  2 sky beasts
  An ice beast (D:8)
  5 orc warriors
  4 black bears
  2 necrophages
  3 boggarts
  22 wolves
  3 phantoms
  A centaur (D:9)
  A lemure (D:4)
  6 kobold brigands
  Blork the orc (D:5)
  12 bullfrogs
  A scorpion (D:5)
  2 water moccasin zombies
  Dowan (D:5)
  5 small abominations (Gauntlet)
  2 water moccasin skeletons (D:5)
  9 wights
  2 howler monkeys
  3 electric eels
  A bullfrog zombie (D:5)
  2 centaur zombies
  2 hounds
  7 jellies (D:6)
  A centaur skeleton (D:5)
  4 orc priests
  Crazy Yiuf (D:5)
  2 bullfrog skeletons
  3 iguanas
  4 orc wizards
  13 hell rats
  A howler monkey zombie (D:9)
  A gnoll (Bailey)
  A howler monkey skeleton (D:7)
  9 adders
  2 shadow imps
  A white imp (D:6)
  An ufetubus (D:6)
  An adder zombie (D:3)
  4 worms
  2 dart slugs
  24 orcs
  8 endoplasms
  5 giant cockroaches
  8 goblins
  8 hobgoblins
  16 jackals
  39 kobolds
  4 quokkas
  9 ball pythons
  4 bats
  6 frilled lizards
  4 rats
430 creatures vanquished.

Vanquished Creatures (others)
  A death yak (Lair:4)
  A blink frog (Lair:4)
  3 killer bees (D:8)
  A bullfrog (D:8)
  A wight (D:8)
  2 orc wizards (D:8)
  3 orcs
  52 fungi
  46 plants
  8 toadstools (D:6)
118 creatures vanquished.

Grand Total: 548 creatures vanquished

Notes
Turn   | Place    | Note
-------+----------+-------------------------------------------
     0 | D:1      | pkoi the Draconian Monk began the quest for the Orb.
     0 | D:1      | Reached XP level 1. HP: 19/19 MP: 1/1
   256 | D:1      | Reached XP level 2. HP: 26/26 MP: 2/2
   462 | D:1      | Found a faded altar of an unknown god.
   696 | D:1      | Found Kisuvakurph's Weapon Shop.
   893 | D:2      | Reached XP level 3. HP: 25/31 MP: 3/3
  2110 | D:3      | Reached skill level 5 in Unarmed Combat
  2110 | D:3      | Reached XP level 4. HP: 9/38 MP: 4/4
  2307 | D:3      | Found a glowing drain.
  2337 | Sewer    | Entered a sewer
  2340 | Sewer    | Learned a level 1 spell: Apportation
  2709 | Sewer    | Gained mutation: Your tail ends in a poisonous barb.
                  | [potion of mutation]
  2709 | Sewer    | Gained mutation: You evolve. [potion of mutation]
  2709 | Sewer    | Gained mutation: Your body sometimes deteriorates upon
                  | taking damage. [potion of mutation]
  3149 | D:3      | Found a white marble altar of Elyvilon.
  3168 | D:3      | Reached XP level 5. HP: 22/45 MP: 5/5
  3384 | D:3      | Gained mutation: You possess an exceptional clarity of
                  | mind. [evolution]
  3384 | D:3      | Lost mutation: You evolve. [end of evolution]
  3410 | D:3      | Got the Volume of Clay and Moulding
  3984 | D:3      | Became a worshipper of Elyvilon the Healer
  3984 | D:3      | Reached * piety under Elyvilon
  3984 | D:3      | Reached ** piety under Elyvilon
  4048 | D:4      | Found a burning altar of Makhleb.
  4194 | D:4      | Noticed a phantom
  4225 | D:4      | Killed a phantom
  4226 | D:4      | Reached skill level 1 in Invocations
  4226 | D:4      | Reached XP level 6. HP: 37/51 MP: 5/7
  4409 | D:4      | Found the +7 great mace "Undeadhunter" {disrupt, rN+}
  4509 | D:4      | Found a large runed translucent door.
  4509 | D:4      | Found a large runed translucent door.
  4547 | D:4      | Noticed Pikel
  4589 | D:4      | Killed Pikel
  4590 | D:4      | Reached skill level 3 in Invocations
  4590 | D:4      | Your scales start taking on a dull iron-grey colour.
  4590 | D:4      | Reached XP level 7. HP: 32/57 MP: 7/9
  4593 | D:4      | Learned a level 1 spell: Sting
  4932 | D:5      | Entered Level 5 of the Dungeon
  5182 | D:5      | Reached skill level 4 in Invocations
  5309 | D:5      | Reached skill level 1 in Transmutations
  5384 | D:5      | Reached skill level 1 in Spellcasting
  5389 | D:5      | Noticed Grinder
  5443 | D:5      | Paralysed by Grinder for 4 turns
  5456 | D:5      | Killed Grinder
  5457 | D:5      | Reached XP level 8. HP: 44/63 MP: 11/11
  5615 | D:5      | Noticed Blork the orc
  5628 | D:5      | Killed Blork the orc
  5785 | D:5      | Noticed Dowan
  5785 | D:5      | Noticed Duvessa
  5807 | D:5      | Killed Dowan
  5820 | D:5      | Killed Duvessa
  5821 | D:5      | Reached skill level 5 in Invocations
  5941 | D:5      | Reached skill level 5 in Dodging
  6295 | D:5      | Found a runed translucent door.
  6296 | D:5      | Noticed Crazy Yiuf
  6436 | D:5      | Reached *** piety under Elyvilon
  6642 | D:5      | Killed Crazy Yiuf
  6690 | D:6      | Found an iron altar of Okawaru.
  6750 | D:6      | Reached skill level 6 in Invocations
  6788 | D:6      | Reached XP level 9. HP: 69/70 MP: 13/13
  6806 | D:6      | Reached skill level 1 in Translocations
  7071 | D:6      | Found a staircase to the Ecumenical Temple.
  7090 | Temple   | Entered the Ecumenical Temple
  7601 | D:6      | Identified a scroll of acquirement
  7601 | D:6      | Acquired a manual of Invocations
  7831 | D:6      | Found a sacrificial altar of Ru.
  7987 | D:6      | Reached **** piety under Elyvilon
  7996 | D:6      | Learned a level 2 spell: Passwall
  7997 | D:6      | Noticed Edmund
  8021 | D:6      | Killed Edmund
  8119 | D:6      | Noticed Maggie
  8154 | D:6      | Killed Maggie
  8155 | D:6      | Reached skill level 1 in Earth Magic
  8320 | D:6      | Found a snail-covered altar of Cheibriados.
  8525 | D:7      | Reached skill level 7 in Invocations
  8588 | D:7      | Noticed a gargoyle
  8609 | D:7      | Killed a gargoyle
  8843 | D:7      | Noticed a gargoyle
  9979 | D:6      | Found a bloodstained altar of Trog.
 10153 | D:6      | Reached XP level 10. HP: 54/77 MP: 15/15
 10414 | D:6      | Reached skill level 8 in Invocations
 11013 | D:8      | Noticed Erica
 11014 | D:8      | Noticed Prince Ribbit
 11016 | D:8      | Pacified Erica
 11017 | D:8      | Reached skill level 9 in Invocations
 11017 | D:8      | Pacified Prince Ribbit
 11027 | D:8      | Identified the +8 war axe of Reason {venom, rC- rCorr
                  | Dex+3}
 11197 | D:8      | Found a transporter.
 11197 | D:8      | Noticed shummie's ghost (novice GrFi)
 11238 | D:8      | Identified the +7 great sword of Death {vorpal, Contam
                  | rCorr Int+4}
 11244 | D:8      | Found a transporter.
 11272 | D:8      | Found a staircase to the Lair.
 11281 | D:8      | Reached skill level 10 in Unarmed Combat
 11404 | D:8      | Reached skill level 10 in Invocations
 12070 | D:9      | Found a staircase to the Orcish Mines.
 12364 | D:9      | Reached skill level 11 in Invocations
 12709 | D:9      | Found a flagged portal.
 12718 | Bailey   | Entered a bailey
 12895 | Bailey   | Found the +13 scythe of Curses {drain, Drain}
 12919 | Bailey   | Found an iron altar of Okawaru.
 13330 | Bailey   | Identified the +8 flail of Xer Gull {flame, Fly rElec
                  | rCorr}
 13457 | D:9      | Found a stormy altar of Qazlal.
 13605 | D:10     | Entered Level 10 of the Dungeon
 13926 | D:10     | Noticed Gastronok
 13958 | D:10     | Killed Gastronok
 13959 | D:10     | Reached skill level 12 in Invocations
 13959 | D:10     | Reached XP level 11. HP: 10/82 MP: 18/20
 14305 | Lair:1   | Entered Level 1 of the Lair of Beasts
 14698 | Lair:1   | Noticed a death yak
 14701 | Lair:1   | Pacified a death yak
 14702 | Lair:1   | Reached skill level 13 in Invocations
 14702 | Lair:1   | Noticed a death yak
 14703 | Lair:1   | Noticed a death yak
 14710 | Lair:1   | Pacified a death yak
 14711 | Lair:1   | Pacified a death yak
 14917 | Lair:1   | Noticed a seven-headed hydra
 14924 | Lair:1   | Pacified a seven-headed hydra
 14998 | Lair:1   | Found a blossoming altar of Fedhas.
 15010 | Lair:1   | Noticed an oklob plant
 16171 | Lair:2   | Noticed a six-headed hydra
 16176 | Lair:2   | Pacified a six-headed hydra
 16454 | Lair:2   | Reached skill level 14 in Invocations
 18256 | Lair:2   | Reached XP level 12. HP: 89/89 MP: 23/23
 18670 | Lair:3   | Reached skill level 15 in Invocations
 19033 | Lair:3   | Found a staircase to the Shoals.
 19933 | Lair:4   | Reached skill level 5 in Fighting
 20041 | Lair:4   | Noticed a boulder beetle
 20044 | Lair:4   | Pacified a boulder beetle
 20147 | Lair:4   | Noticed a five-headed hydra
 20149 | Lair:4   | Pacified a five-headed hydra
 20655 | Lair:4   | Noticed a death yak
 20656 | Lair:4   | Noticed a death yak
 20659 | Lair:4   | Noticed a death yak
 20660 | Lair:4   | Pacified a death yak
 20660 | Lair:4   | Noticed a death yak
 20662 | Lair:4   | Pacified a death yak
 20663 | Lair:4   | Pacified a death yak
 20664 | Lair:4   | Reached skill level 16 in Invocations
 20667 | Lair:4   | Pacified a death yak
 20674 | Lair:4   | Killed a death yak
 20780 | Lair:4   | Found a hole to the Spider Nest.
 21873 | Lair:5   | Found a gate leading to a gauntlet.
 21882 | Gauntlet | Entered a Gauntlet
 21882 | Gauntlet | Found a transporter.
 21882 | Gauntlet | Found a transporter.
 21882 | Gauntlet | Found a transporter.
 21905 | Gauntlet | Found a transporter.
 21915 | Gauntlet | Found a transporter.
 21919 | Gauntlet | Found a transporter.
 21922 | Gauntlet | Noticed a cacodemon
 21925 | Gauntlet | Found the necklace of Bloodlust {*Rage +Rage Will++ Int-3
                  | Slay+6}
 21929 | Gauntlet | Found a transporter.
 21935 | Gauntlet | Found a transporter.
 21953 | Gauntlet | Found a transporter.
 21957 | Gauntlet | Found a transporter.
 21967 | Gauntlet | Found a transporter.
 21971 | Gauntlet | Found a transporter.
 22336 | Gauntlet | HP: 4/100 [something (26)]
 22875 | Gauntlet | Gained mutation: Your magical capacity is low. (-10% MP) [a
                  | neqoxec]
 22876 | Gauntlet | Gained mutation: You occasionally shout uncontrollably at
                  | your foes. [a neqoxec]
 22876 | Gauntlet | Gained mutation: Your spells are a little easier to cast,
                  | but a little less powerful. [a neqoxec]
 22907 | Gauntlet | Identified the ring of Nuesuf {Fire rElec rPois rCorr
                  | Int+4}
 22907 | Gauntlet | Noticed a minotaur
 22915 | Gauntlet | Killed a minotaur
 23164 | Lair:5   | Reached XP level 13. HP: 96/105 MP: 22/22
 23416 | Lair:5   | Reached ***** piety under Elyvilon
 24185 | Lair:6   | Entered Level 6 of the Lair of Beasts
 24411 | Lair:6   | Noticed Urug
 24549 | D:6      | Lost mutation: Your magical capacity is low. (-10% MP)
                  | [potion of mutation]
 24549 | D:6      | Lost mutation: You possess an exceptional clarity of mind.
                  | [potion of mutation]
 24549 | D:6      | Lost mutation: You occasionally shout uncontrollably at
                  | your foes. [potion of mutation]
 25157 | Lair:6   | Killed Urug
 25664 | Lair:5   | Reached skill level 10 in Dodging
 26284 | Lair:6   | Reached skill level 10 in Fighting
 26335 | Lair:6   | Slain by a spriggan rider

Illustrated notes

Levels and vault maps discovered:
D:1:      grunt_arrival_lava_bath, layout_basic, serial_shops, shop_statue,
          hellmonk_ecumenical_altar_blasted, minmay_misc_feat_iff
D:2:      layout_basic
D:3:      minmay_chambers_of_threes, layout_loops_ring, elyvilon_altar_5,
          portal_sewer_entry_f
D:4:      layout_rooms, mainiacjoe_overflow_paths, jmf_multi_god_temple2,
          uniq_pikel
D:5:      layout_loops_corners, uniq_blork_the_orc, uniq_duvessa,
          uniq_crazy_yiuf_cottage, uniq_grinder
D:6:      cheibrodos_fertilizer, layout_basic,
          mainiacjoe_overflow_large_starburst, kennysheep_mini_moat,
          marbit_many_paths, minmay_temple_entry_arrows, uniq_maggie,
          uniq_edmund
D:7:      cheibrodos_statue_roulette, layout_cave_pools, minivault_27,
          st_stairs_4
D:8:      layout_basic, dpeg_oklobed_lair, gammafunk_ghost_stat_death,
          uniq_prince_ribbit1, uniq_erica
D:9:      layout_roguey, mainiacjoe_overflow_alcove_1,
          minmay_orc_entry_temple_small, enter_bailey_6
D:10:     layout_basic, lemuel_another_geyser, uniq_nergalle, uniq_snorg,
          uniq_maurice, uniq_gastronok
Temple:   dshaligram_water_room_temple
Lair:1:   layout_roguey, tgw_fedhas, lemuel_fruit_tree
Lair:2:   layout_long_grid
Lair:3:   layout_big_grid, minmay_shoals_entry_lonely_mermaid,
          beast_lair_carwin_4, infiniplex_staircase_pool_2
Lair:4:   layout_gridlike, spider_nest_entry_webs, grunt_megastairs_3
Lair:5:   layout_cave_pods, gauntlet_entry_generic, minivault_11,
          infiniplex_staircase_pool, grunt_megastairs_1
Lair:6:   minmay_lair_end_enchanted_forest, layout_gridlike,
          minmay_slime_entry_oklob_enclosed, uniq_urug

Skill      XL: |  1  2  3  4  5  6  7  8  9 10 11 12 13 |
---------------+----------------------------------------+-----
Unarmed Combat | 4 5 6 7 8 9 11 12 13 14 | 14.6
Invocations    | 1 3 4 6 7 12 14 16 | 16.0
Dodging        | 3 4 5 6 8 10 | 10.3
Transmutations | 1 2 3 |  3.9
Spellcasting   | 1 2 3 |  3.6
Translocations | 3 |  3.1
Earth Magic    | 2 |  2.6
Fighting       | 7 10 | 10.1
Stealth        | |  1.7

Action                   |  1- 3 |  4- 6 |  7- 9 | 10-12 | 13-15 || total
-------------------------+-------+-------+-------+-------+-------++-------
Melee: Unarmed           |   105 |   120 |   434 |   894 |   389 ||  1942
       Tailslap          |    10 |    22 |    60 |   158 |    49 ||   299
       Punch             |     5 |     4 |    17 |    57 |    24 ||   107
       Dagger            |       |   123 |    35 |   132 |       ||   290
Throw: Javelin           |       |       |       |     3 |     1 ||     4
       Dart              |       |       |       |     3 |       ||     3
Invok: Heal Other        |       |       |     1 |    42 |     2 ||    45
       Greater Healing   |       |       |       |     1 |       ||     1
       Purification      |       |       |       |     1 |       ||     1
  Use: Scroll            |     4 |     1 |     8 |     5 |       ||    18
       Potion            |       |     6 |     2 |     4 |     1 ||    13
 Stab: Sleeping          |     5 |     4 |     3 |     6 |     1 ||    19
       Distracted        |       |       |       |       |     1 ||     1
Armor: Skin              |    32 |   118 |   189 |   442 |   173 ||   954
Dodge: Dodged            |    54 |   128 |   243 |   686 |   285 ||  1396
